[ AOE2 MATCH · #475874631 ]
Team RMDravidians vs Turks
[ REPLAY ANALYSIS · EXTRACTED FROM THE RECORDED GAME ]
Feudal
16:11
Castle
23:52
Imperial
39:32
| APM avg | 17.9 |
| APM peak | 50 |
| eAPM avg | 11.7 |
| Villagers / military | 78 / 217 |
Focus
⚔️ 47.4% · 🌾 52.6%
Elephant Archer ×178 · Skirmisher ×18 · Fishing Ship ×18 · Scout Cavalry ×16 · Unknown (1750) ×16 · Trade Cog ×6
Feudal
16:00
Castle
38:09
Imperial
49:30
| APM avg | 18.7 |
| APM peak | 123 |
| eAPM avg | 11.4 |
| Villagers / military | 66 / 84 |
Focus
⚔️ 32.4% · 🌾 67.6%
Archer ×17 · Scorpion ×17 · Unknown (2626) ×15 · Militia ×14 · Fishing Ship ×14 · Janissary ×9
Feudal
22:00
Castle
27:59
Imperial
—
| APM avg | 9.3 |
| APM peak | 27 |
| eAPM avg | 6.9 |
| Villagers / military | 118 / 128 |
Focus
⚔️ 25.5% · 🌾 74.5%
Spearman ×91 · Militia ×30 · Trade Cart ×16 · Tarkan ×3 · Monk ×2 · Scout Cavalry ×2
Feudal
16:57
Castle
28:30
Imperial
41:02
| APM avg | 13.4 |
| APM peak | 53 |
| eAPM avg | 6.7 |
| Villagers / military | 55 / 75 |
Focus
⚔️ 29.0% · 🌾 71.0%
Conquistador ×23 · Spearman ×22 · Cannon Galleon ×15 · Fishing Ship ×8 · Trade Cog ×6 · Trebuchet (Packed) ×5
Feudal
16:06
Castle
24:26
Imperial
41:27
| APM avg | 9.0 |
| APM peak | 32 |
| eAPM avg | 5.2 |
| Villagers / military | 53 / 27 |
Focus
⚔️ 25.4% · 🌾 74.6%
Janissary ×15 · Scout Cavalry ×7 · Trade Cart ×3 · Skirmisher ×2 · Monk ×1 · Bombard Cannon ×1
Feudal
18:19
Castle
46:42
Imperial
56:42
| APM avg | 14.3 |
| APM peak | 48 |
| eAPM avg | 10.0 |
| Villagers / military | 123 / 85 |
Focus
⚔️ 16.4% · 🌾 83.6%
Konnik ×36 · Demolition Raft ×29 · Fishing Ship ×19 · Militia ×15 · Spearman ×5
Match map
Resources at game start + every placement click. Thick line = wall · dashed box = detected house wall. 🟡 gold · ⚪ stone · 🟢 berries · 🔶 boar · ⭕ relic
Inputs per minute
— Red Leader - - steve
Build order — Red Leader
First 150 of 495 actions detected
| 1:54 | Build | Town Center |
| 3:04 | Build | House |
| 3:56 | Create | Villager (Male) |
| 3:57 | Create | Villager (Male) |
| 3:57 | Create | Villager (Male) |
| 4:08 | Build | House |
| 4:09 | Build | House |
| 4:24 | Create | Villager (Male) |
| 5:04 | Create | Villager (Male) |
| 5:52 | Create | Villager (Male) |
| 5:52 | Create | Villager (Male) |
| 6:50 | Create | Villager (Male) |
| 7:22 | Create | Villager (Male) |
| 7:22 | Create | Villager (Male) |
| 7:23 | Create | Villager (Male) |
| 7:40 | Research | Loom |
| 9:06 | Build | Dock |
| 9:17 | Create | Villager (Male) |
| 9:17 | Create | Villager (Male) |
| 9:17 | Create | Villager (Male) |
| 9:17 | Create | Villager (Male) |
| 10:01 | Create | Fishing Ship |
| 10:01 | Create | Fishing Ship |
| 10:09 | Create | Villager (Male) |
| 10:09 | Create | Villager (Male) |
| 10:25 | Create | Fishing Ship |
| 10:48 | Build | Mill |
| 11:00 | Build | House |
| 11:05 | Build | House |
| 11:07 | Build | House |
| 11:09 | Build | House |
| 11:38 | Create | Villager (Male) |
| 11:51 | Create | Fishing Ship |
| 11:58 | Build | Lumber Camp |
| 12:02 | Create | Villager (Male) |
| 12:45 | Create | Fishing Ship |
| 13:00 | Create | Villager (Male) |
| 13:09 | Create | Fishing Ship |
| 13:31 | Build | Mining Camp |
| 14:01 | Research | Feudal Age |
| 14:40 | Create | Fishing Ship |
| 15:05 | Build | Barracks |
| 15:11 | Build | Palisade Gate |
| 15:24 | Create | Villager (Male) |
| 15:24 | Create | Villager (Male) |
| 16:11 | Age | Feudal Age |
| 16:17 | Research | Tech 906 |
| 16:30 | Research | Double-Bit Axe |
| 16:33 | Research | Horse Collar |
| 16:42 | Build | House |
| 16:47 | Build | Palisade Wall |
| 16:49 | Build | Palisade Wall |
| 16:50 | Build | Palisade Wall |
| 16:58 | Build | Mining Camp |
| 17:08 | Build | Mining Camp |
| 17:16 | Research | Wheelbarrow |
| 17:17 | Create | Villager (Male) |
| 17:17 | Create | Villager (Male) |
| 17:31 | Create | Fishing Ship |
| 17:31 | Create | Fishing Ship |
| 17:53 | Build | Archery Range |
| 17:55 | Build | Archery Range |
| 17:56 | Build | Archery Range |
| 18:11 | Build | Farm |
| 18:11 | Build | Farm |
| 18:11 | Build | Farm |
| 18:11 | Build | Farm |
| 18:11 | Build | Farm |
| 18:12 | Build | Farm |
| 18:12 | Build | Farm |
| 18:12 | Build | Farm |
| 18:40 | Build | Farm |
| 18:43 | Build | Farm |
| 19:22 | Build | Dock |
| 19:39 | Build | Blacksmith |
| 20:36 | Build | Market |
| 20:48 | Create | Fishing Ship |
| 20:48 | Create | Fishing Ship |
| 20:56 | Create | Skirmisher |
| 20:58 | Create | Skirmisher |
| 20:58 | Create | Skirmisher |
| 21:12 | Research | Castle Age |
| 21:25 | Research | Fletching |
| 21:25 | Research | Padded Archer Armor |
| 21:40 | Create | Skirmisher |
| 21:40 | Create | Skirmisher |
| 21:40 | Create | Skirmisher |
| 21:40 | Create | Skirmisher |
| 21:40 | Create | Skirmisher |
| 21:40 | Create | Skirmisher |
| 21:41 | Create | Skirmisher |
| 21:52 | Build | House |
| 21:52 | Build | House |
| 22:00 | Create | Villager (Male) |
| 22:00 | Create | Villager (Male) |
| 22:05 | Research | Gold Mining |
| 22:58 | Create | Skirmisher |
| 22:59 | Create | Skirmisher |
| 22:59 | Create | Skirmisher |
| 22:59 | Create | Skirmisher |
| 22:59 | Create | Skirmisher |
| 22:59 | Create | Skirmisher |
| 22:59 | Create | Skirmisher |
| 22:59 | Create | Skirmisher |
| 23:52 | Age | Castle Age |
| 24:34 | Research | Elite Skirmisher (upgrade) |
| 24:38 | Research | Thumb Ring |
| 24:42 | Research | Hand Cart |
| 24:42 | Create | Villager (Male) |
| 24:43 | Create | Villager (Male) |
| 25:08 | Build | Town Center |
| 25:16 | Build | Town Center |
| 25:26 | Create | Villager (Male) |
| 25:26 | Create | Villager (Male) |
| 25:26 | Create | Villager (Male) |
| 25:26 | Create | Villager (Male) |
| 26:00 | Create | Fishing Ship |
| 26:12 | Research | Gillnets |
| 26:40 | Create | Villager (Male) |
| 26:54 | Create | Fishing Ship |
| 27:14 | Create | Fishing Ship |
| 27:15 | Create | Fishing Ship |
| 27:20 | Research | Heavy Plow |
| 27:26 | Build | Farm |
| 27:26 | Build | Farm |
| 27:39 | Research | Bow Saw |
| 27:51 | Create | Villager (Male) |
| 28:37 | Create | Elephant Archer |
| 28:37 | Create | Elephant Archer |
| 28:37 | Create | Elephant Archer |
| 28:37 | Create | Elephant Archer |
| 28:37 | Create | Elephant Archer |
| 28:37 | Create | Elephant Archer |
| 28:37 | Create | Elephant Archer |
| 28:37 | Create | Elephant Archer |
| 28:53 | Build | House |
| 28:53 | Build | House |
| 28:54 | Build | House |
| 28:54 | Build | House |
| 28:55 | Build | House |
| 29:02 | Build | Stone Wall |
| 29:06 | Build | Building 490 |
| 29:25 | Build | Monastery |
| 29:34 | Build | University |
| 29:44 | Create | Villager (Male) |
| 29:44 | Create | Villager (Male) |
| 29:44 | Create | Villager (Male) |
| 29:52 | Create | Villager (Male) |
| 29:52 | Create | Villager (Male) |
| 29:52 | Create | Villager (Male) |
Build order — steve
First 150 of 265 actions detected
| 0:40 | Build | Town Center |
| 2:42 | Build | House |
| 3:06 | Create | Villager (Male) |
| 3:06 | Create | Villager (Male) |
| 3:47 | Research | Loom |
| 3:48 | Create | Villager (Male) |
| 3:49 | Create | Villager (Male) |
| 3:54 | Build | House |
| 4:45 | Build | House |
| 4:48 | Build | House |
| 5:15 | Create | Villager (Male) |
| 5:49 | Create | Villager (Male) |
| 6:07 | Create | Villager (Male) |
| 6:23 | Create | Villager (Male) |
| 6:43 | Create | Villager (Male) |
| 7:31 | Create | Villager (Male) |
| 7:32 | Create | Villager (Male) |
| 7:32 | Create | Villager (Male) |
| 7:44 | Create | Villager (Male) |
| 7:59 | Build | Mill |
| 8:16 | Create | Villager (Male) |
| 8:48 | Create | Villager (Male) |
| 10:37 | Create | Villager (Male) |
| 10:37 | Create | Villager (Male) |
| 10:38 | Create | Villager (Male) |
| 10:53 | Build | House |
| 10:59 | Build | House |
| 11:29 | Create | Villager (Male) |
| 12:15 | Create | Villager (Male) |
| 12:17 | Create | Villager (Male) |
| 12:43 | Build | Barracks |
| 12:51 | Create | Villager (Male) |
| 13:50 | Research | Feudal Age |
| 14:05 | Build | Mining Camp |
| 14:09 | Create | Militia |
| 14:10 | Create | Militia |
| 14:46 | Create | Militia |
| 15:03 | Create | Militia |
| 15:14 | Create | Militia |
| 15:45 | Create | Militia |
| 15:48 | Build | House |
| 15:55 | Create | Militia |
| 16:00 | Age | Feudal Age |
| 16:08 | Build | Archery Range |
| 16:27 | Research | Man-at-Arms (upgrade) |
| 16:35 | Create | Archer |
| 16:36 | Create | Archer |
| 16:50 | Create | Villager (Male) |
| 16:51 | Create | Villager (Male) |
| 17:12 | Create | Villager (Male) |
| 17:26 | Create | Archer |
| 17:39 | Create | Villager (Male) |
| 17:50 | Create | Archer |
| 17:58 | Create | Archer |
| 18:04 | Create | Villager (Male) |
| 18:34 | Create | Archer |
| 18:52 | Build | Farm |
| 18:53 | Build | Farm |
| 18:54 | Build | Farm |
| 19:30 | Build | Farm |
| 19:31 | Build | Farm |
| 19:36 | Research | Horse Collar |
| 19:42 | Create | Archer |
| 19:48 | Create | Archer |
| 19:51 | Create | Militia |
| 19:52 | Create | Militia |
| 20:05 | Create | Archer |
| 20:11 | Build | Farm |
| 20:12 | Create | Villager (Male) |
| 20:19 | Build | House |
| 20:22 | Create | Villager (Male) |
| 20:49 | Create | Militia |
| 20:55 | Build | House |
| 21:21 | Create | Villager (Male) |
| 21:29 | Build | Watch Tower |
| 21:36 | Create | Archer |
| 21:42 | Research | Wheelbarrow |
| 21:58 | Build | Blacksmith |
| 23:22 | Create | Archer |
| 23:22 | Create | Archer |
| 23:52 | Research | Forging |
| 23:54 | Create | Villager (Male) |
| 23:54 | Create | Villager (Male) |
| 23:55 | Create | Villager (Male) |
| 25:14 | Build | Lumber Camp |
| 26:33 | Build | Mining Camp |
| 27:29 | Build | Dock |
| 27:38 | Build | Mill |
| 28:42 | Build | Town Center |
| 28:50 | Create | Fishing Ship |
| 28:50 | Create | Fishing Ship |
| 28:50 | Create | Fishing Ship |
| 29:31 | Create | Villager (Male) |
| 29:31 | Create | Villager (Male) |
| 29:35 | Research | Double-Bit Axe |
| 29:44 | Create | Fishing Ship |
| 29:44 | Create | Fishing Ship |
| 30:12 | Build | Stone Wall |
| 30:28 | Create | Fishing Ship |
| 30:32 | Create | Villager (Male) |
| 30:33 | Create | Villager (Male) |
| 30:34 | Create | Villager (Male) |
| 31:07 | Create | Villager (Male) |
| 31:11 | Create | Fishing Ship |
| 31:56 | Create | Demolition Raft |
| 32:00 | Build | House |
| 32:21 | Build | Archery Range |
| 32:24 | Create | Villager (Male) |
| 32:25 | Create | Villager (Male) |
| 32:37 | Build | House |
| 32:39 | Create | Demolition Raft |
| 32:46 | Create | Fishing Ship |
| 33:16 | Build | Stable |
| 33:48 | Create | Villager (Male) |
| 33:53 | Build | Blacksmith |
| 33:57 | Create | Fishing Ship |
| 33:57 | Create | Fishing Ship |
| 34:12 | Create | Villager (Male) |
| 34:17 | Create | Villager (Male) |
| 34:48 | Build | Market |
| 34:51 | Build | Farm |
| 35:00 | Create | Villager (Male) |
| 35:17 | Create | Fishing Ship |
| 35:21 | Research | Castle Age |
| 35:31 | Build | Mining Camp |
| 35:38 | Build | Mining Camp |
| 35:45 | Create | Villager (Male) |
| 35:56 | Research | Scale Barding Armor |
| 36:09 | Build | Dock |
| 36:40 | Create | Archer |
| 36:41 | Create | Archer |
| 36:42 | Create | Archer |
| 36:46 | Build | House |
| 36:52 | Research | Padded Archer Armor |
| 36:55 | Create | Archer |
| 37:31 | Create | Unit 2626 |
| 37:32 | Create | Unit 2626 |
| 37:37 | Create | Archer |
| 37:43 | Create | Unit 2626 |
| 38:08 | Build | Farm |
| 38:09 | Age | Castle Age |
| 38:12 | Research | Hand Cart |
| 38:52 | Build | Siege Workshop |
| 39:10 | Create | Fishing Ship |
| 39:10 | Create | Fishing Ship |
| 39:21 | Create | Fire Galley |
| 39:36 | Research | Bow Saw |
| 39:40 | Build | House |
| 39:51 | Build | Castle |
| 39:59 | Create | Fishing Ship |
Build order — JustMeow
First 150 of 266 actions detected
| 3:45 | Build | Town Center |
| 4:14 | Build | Town Center |
| 6:03 | Create | Villager (Male) |
| 6:03 | Research | Loom |
| 6:04 | Create | Villager (Male) |
| 6:04 | Create | Villager (Male) |
| 6:05 | Create | Villager (Male) |
| 7:48 | Create | Villager (Male) |
| 7:48 | Create | Villager (Male) |
| 8:13 | Create | Villager (Male) |
| 8:53 | Create | Villager (Male) |
| 8:53 | Create | Villager (Male) |
| 9:19 | Create | Villager (Male) |
| 10:05 | Create | Villager (Male) |
| 10:21 | Create | Villager (Male) |
| 10:23 | Create | Villager (Male) ×2 |
| 10:23 | Create | Villager (Male) ×2 |
| 10:56 | Build | Lumber Camp |
| 10:59 | Create | Villager (Male) |
| 11:36 | Create | Villager (Male) |
| 11:56 | Create | Villager (Male) |
| 11:56 | Create | Villager (Male) |
| 11:57 | Create | Villager (Male) |
| 12:30 | Build | Mill |
| 12:49 | Create | Villager (Male) |
| 13:14 | Create | Villager (Male) |
| 13:45 | Create | Villager (Male) |
| 14:24 | Create | Villager (Male) |
| 14:38 | Create | Villager (Male) |
| 14:51 | Build | Mining Camp |
| 14:56 | Create | Villager (Male) |
| 14:56 | Create | Villager (Male) |
| 15:28 | Create | Villager (Male) |
| 15:28 | Create | Villager (Male) |
| 15:49 | Create | Villager (Male) |
| 16:26 | Create | Villager (Male) |
| 16:43 | Build | Barracks |
| 16:48 | Create | Villager (Male) |
| 17:01 | Create | Villager (Male) |
| 17:18 | Create | Villager (Male) |
| 17:24 | Build | Farm |
| 17:25 | Build | Farm |
| 17:26 | Build | Farm |
| 17:28 | Build | Farm |
| 17:29 | Build | Farm |
| 17:40 | Create | Villager (Male) |
| 17:51 | Build | Barracks |
| 18:54 | Build | Farm |
| 18:59 | Build | Farm |
| 19:09 | Build | Farm |
| 19:10 | Build | Farm |
| 19:16 | Build | Farm |
| 19:21 | Create | Villager (Male) |
| 19:50 | Research | Feudal Age |
| 20:04 | Build | Farm |
| 20:05 | Build | Farm |
| 20:06 | Build | Farm |
| 20:07 | Build | Farm |
| 20:08 | Build | Farm |
| 20:09 | Build | Farm |
| 20:12 | Build | Farm |
| 20:18 | Create | Villager (Male) |
| 20:19 | Create | Villager (Male) |
| 20:49 | Create | Villager (Male) |
| 20:49 | Create | Villager (Male) |
| 20:58 | Create | Militia |
| 21:09 | Create | Militia |
| 21:19 | Create | Militia |
| 21:19 | Create | Militia |
| 21:41 | Create | Militia |
| 21:42 | Create | Militia |
| 21:45 | Create | Militia |
| 22:00 | Age | Feudal Age |
| 22:13 | Build | Stable |
| 22:17 | Build | Stable |
| 22:21 | Build | Blacksmith |
| 22:44 | Build | Market |
| 22:46 | Build | Market |
| 23:09 | Research | Man-at-Arms (upgrade) |
| 23:22 | Create | Militia |
| 23:22 | Create | Militia |
| 23:32 | Create | Scout Cavalry |
| 23:33 | Create | Scout Cavalry |
| 24:02 | Build | Barracks |
| 24:04 | Build | Barracks |
| 24:29 | Create | Villager (Male) |
| 24:29 | Create | Villager (Male) |
| 24:30 | Create | Villager (Male) |
| 24:57 | Research | Castle Age |
| 25:27 | Create | Trade Cart ×4 |
| 26:35 | Build | Mining Camp |
| 26:38 | Create | Villager (Male) |
| 26:38 | Create | Villager (Male) |
| 26:54 | Create | Militia ×5 |
| 27:53 | Create | Militia |
| 27:53 | Create | Militia |
| 27:54 | Create | Militia |
| 27:55 | Create | Militia |
| 27:55 | Create | Militia |
| 27:56 | Create | Militia |
| 27:57 | Create | Militia |
| 27:57 | Create | Militia |
| 27:59 | Create | Militia |
| 27:59 | Age | Castle Age |
| 27:59 | Create | Militia |
| 28:02 | Research | Scale Mail Armor |
| 28:37 | Create | Villager (Male) ×4 |
| 28:52 | Build | Town Center |
| 29:02 | Build | Lumber Camp |
| 29:19 | Research | Long Swordsman (upgrade) |
| 29:20 | Create | Militia ×2 |
| 29:26 | Create | Trade Cart |
| 29:27 | Create | Trade Cart |
| 29:38 | Create | Villager (Male) ×2 |
| 29:44 | Create | Villager (Male) |
| 30:10 | Build | Farm |
| 30:30 | Build | Farm |
| 30:42 | Create | Villager (Male) ×4 |
| 30:44 | Build | Farm |
| 30:46 | Build | Farm |
| 31:00 | Build | Farm |
| 31:13 | Build | Farm |
| 31:52 | Create | Militia |
| 31:52 | Create | Militia |
| 31:53 | Create | Militia |
| 31:53 | Create | Militia |
| 31:59 | Create | Villager (Male) |
| 31:59 | Create | Villager (Male) |
| 31:59 | Create | Villager (Male) |
| 31:59 | Create | Villager (Male) |
| 32:10 | Create | Villager (Male) |
| 32:51 | Research | Wheelbarrow |
| 32:55 | Research | Town Watch |
| 33:06 | Build | Farm |
| 33:07 | Build | Farm |
| 33:08 | Build | Farm |
| 33:10 | Build | Farm |
| 33:16 | Build | Farm |
| 33:17 | Build | Farm |
| 33:21 | Build | Farm |
| 33:22 | Build | Farm |
| 33:27 | Create | Villager (Male) ×3 |
| 33:32 | Build | Lumber Camp |
| 33:35 | Build | Lumber Camp |
| 33:45 | Build | Lumber Camp |
| 33:47 | Create | Trade Cart |
| 33:47 | Create | Trade Cart |
| 33:53 | Create | Villager (Male) |
| 33:54 | Create | Villager (Male) |
| 33:54 | Create | Villager (Male) |
Build order — Big_Joe
First 150 of 200 actions detected
| 2:28 | Build | Town Center |
| 4:13 | Build | House |
| 4:17 | Create | Villager (Male) |
| 4:41 | Create | Villager (Male) |
| 4:59 | Create | Villager (Male) |
| 5:12 | Create | Villager (Male) |
| 5:48 | Create | Villager (Male) |
| 6:22 | Create | Villager (Male) |
| 7:13 | Create | Villager (Male) |
| 7:15 | Build | House |
| 7:42 | Create | Villager (Male) |
| 8:32 | Create | Villager (Male) |
| 9:11 | Build | Lumber Camp |
| 9:14 | Research | Loom |
| 9:18 | Build | Mill |
| 10:10 | Create | Villager (Male) |
| 10:41 | Create | Villager (Male) |
| 10:41 | Create | Villager (Male) |
| 11:27 | Create | Villager (Male) |
| 11:56 | Create | Villager (Male) |
| 12:06 | Build | House |
| 12:33 | Create | Villager (Male) |
| 12:55 | Create | Villager (Male) |
| 14:09 | Create | Villager (Male) |
| 14:37 | Build | House |
| 14:47 | Research | Feudal Age |
| 14:58 | Build | House |
| 16:13 | Create | Villager (Male) |
| 16:57 | Age | Feudal Age |
| 17:09 | Build | Blacksmith |
| 17:18 | Create | Villager (Male) |
| 17:18 | Create | Villager (Male) |
| 17:32 | Build | Mining Camp |
| 18:13 | Build | Barracks |
| 18:30 | Create | Villager (Male) |
| 18:31 | Create | Villager (Male) |
| 18:57 | Research | Double-Bit Axe |
| 19:12 | Build | Stable |
| 19:37 | Build | Dock |
| 19:47 | Create | Villager (Male) |
| 19:48 | Create | Villager (Male) |
| 20:03 | Create | Scout Cavalry |
| 20:09 | Create | Demolition Raft |
| 20:09 | Create | Demolition Raft |
| 20:45 | Build | Dock |
| 20:51 | Create | Villager (Male) |
| 20:52 | Create | Villager (Male) |
| 21:09 | Create | Scout Cavalry |
| 21:17 | Build | Farm |
| 21:19 | Build | Farm |
| 21:28 | Create | Fishing Ship |
| 21:28 | Create | Fishing Ship |
| 22:00 | Build | Farm |
| 22:00 | Build | Farm |
| 22:06 | Build | Farm |
| 22:06 | Build | Farm |
| 22:07 | Build | Farm |
| 22:08 | Build | Farm |
| 22:09 | Build | Farm |
| 22:16 | Create | Spearman |
| 22:17 | Create | Spearman |
| 22:44 | Create | Fishing Ship |
| 22:44 | Create | Fishing Ship |
| 23:05 | Create | Villager (Male) |
| 23:05 | Create | Villager (Male) |
| 23:34 | Create | Scout Cavalry |
| 23:46 | Build | House |
| 23:49 | Build | House |
| 23:50 | Build | House |
| 24:09 | Research | Tech 906 |
| 24:13 | Research | Horse Collar |
| 24:35 | Build | House |
| 24:36 | Build | House |
| 24:38 | Build | House |
| 25:25 | Create | Fishing Ship |
| 25:26 | Create | Fishing Ship |
| 25:28 | Create | Fishing Ship |
| 25:28 | Create | Fishing Ship |
| 25:50 | Research | Castle Age |
| 26:15 | Build | Mining Camp |
| 26:37 | Create | Villager (Male) |
| 26:37 | Create | Villager (Male) |
| 28:30 | Age | Castle Age |
| 28:36 | Build | Town Center |
| 28:49 | Build | Lumber Camp |
| 29:03 | Create | Villager (Male) |
| 29:04 | Create | Villager (Male) |
| 29:50 | Research | Heavy Plow |
| 29:55 | Research | Bow Saw |
| 30:22 | Build | Palisade Wall |
| 30:37 | Research | Fletching |
| 31:03 | Research | Wheelbarrow |
| 31:05 | Create | Villager (Male) |
| 31:05 | Create | Villager (Male) |
| 31:06 | Create | Villager (Male) |
| 31:29 | Build | Farm |
| 31:37 | Create | Villager (Male) |
| 32:22 | Research | Hand Cart |
| 32:44 | Create | Villager (Male) |
| 32:45 | Create | Villager (Male) |
| 33:06 | Research | Stone Mining |
| 33:56 | Build | Market |
| 34:15 | Create | Villager (Male) |
| 34:16 | Create | Villager (Male) |
| 34:16 | Create | Villager (Male) |
| 35:05 | Build | Castle |
| 35:16 | Build | University |
| 35:21 | Create | Villager (Male) |
| 35:21 | Create | Villager (Male) |
| 35:24 | Create | Villager (Male) |
| 35:24 | Create | Villager (Male) |
| 35:50 | Create | Spearman ×5 |
| 35:56 | Research | Forging |
| 35:59 | Research | Scale Barding Armor |
| 36:00 | Research | Scale Mail Armor |
| 36:02 | Research | Bodkin Arrow |
| 36:19 | Create | Conquistador |
| 36:19 | Create | Conquistador |
| 36:21 | Create | Conquistador |
| 36:25 | Research | Ballistics |
| 36:33 | Build | Farm |
| 36:36 | Create | Villager (Male) |
| 36:37 | Create | Villager (Male) |
| 37:41 | Research | Pikeman (upgrade) |
| 37:44 | Research | Squires |
| 37:52 | Research | Imperial Age |
| 38:02 | Build | House |
| 38:02 | Build | House |
| 38:03 | Build | House |
| 38:10 | Create | Villager (Male) |
| 38:11 | Create | Villager (Male) |
| 38:11 | Create | Villager (Male) |
| 38:30 | Create | Conquistador |
| 38:31 | Create | Conquistador |
| 38:31 | Create | Conquistador |
| 39:09 | Build | House |
| 39:09 | Build | House |
| 39:19 | Build | Siege Workshop |
| 39:29 | Research | Chain Barding Armor |
| 39:43 | Research | Iron Casting |
| 39:54 | Create | Battering Ram |
| 39:55 | Create | Battering Ram |
| 39:55 | Create | Battering Ram |
| 40:04 | Build | Barracks |
| 40:04 | Build | Barracks |
| 40:41 | Build | Castle |
| 40:48 | Create | Spearman ×5 |
| 40:50 | Create | Spearman ×5 |
| 40:57 | Build | Farm |
| 40:58 | Build | Farm |
Build order — XII. Ahmet
First 150 of 152 actions detected
| 0:19 | Build | Town Center |
| 1:57 | Build | House |
| 1:59 | Build | House |
| 2:01 | Build | House |
| 2:05 | Build | House |
| 2:46 | Create | Villager (Male) ×4 |
| 2:46 | Create | Villager (Male) ×4 |
| 3:55 | Create | Villager (Male) |
| 3:55 | Create | Villager (Male) |
| 4:58 | Create | Villager (Male) |
| 5:13 | Create | Villager (Male) |
| 5:13 | Create | Villager (Male) |
| 6:02 | Create | Villager (Male) |
| 6:02 | Create | Villager (Male) |
| 6:21 | Create | Villager (Male) |
| 6:21 | Create | Villager (Male) |
| 7:07 | Create | Villager (Male) ×2 |
| 7:07 | Create | Villager (Male) ×3 |
| 7:08 | Create | Villager (Male) |
| 7:25 | Build | Mill |
| 7:39 | Create | Villager (Male) |
| 7:39 | Create | Villager (Male) |
| 7:39 | Create | Villager (Male) |
| 8:12 | Create | Villager (Male) |
| 8:50 | Build | Farm |
| 8:55 | Build | Farm |
| 8:59 | Build | Farm |
| 9:41 | Create | Villager (Male) |
| 9:41 | Create | Villager (Male) |
| 9:50 | Build | Farm |
| 9:57 | Build | Farm |
| 10:29 | Create | Villager (Male) |
| 10:29 | Create | Villager (Male) |
| 10:29 | Create | Villager (Male) |
| 10:30 | Create | Villager (Male) |
| 10:30 | Create | Villager (Male) |
| 11:31 | Build | Mill |
| 11:47 | Build | Lumber Camp |
| 12:35 | Build | Mining Camp |
| 13:01 | Create | Villager (Male) |
| 13:27 | Build | House |
| 13:28 | Build | House |
| 13:30 | Build | House |
| 13:57 | Research | Feudal Age |
| 14:18 | Build | Barracks |
| 14:32 | Build | Barracks |
| 16:06 | Age | Feudal Age |
| 16:17 | Build | Stable |
| 16:20 | Build | Archery Range |
| 16:28 | Research | Wheelbarrow |
| 16:38 | Create | Villager (Male) |
| 16:38 | Create | Villager (Male) |
| 16:38 | Create | Villager (Male) |
| 16:39 | Create | Villager (Male) |
| 16:40 | Create | Villager (Male) |
| 16:45 | Research | Double-Bit Axe |
| 17:20 | Research | Bloodlines |
| 17:21 | Create | Scout Cavalry |
| 17:21 | Create | Scout Cavalry |
| 17:43 | Research | Horse Collar |
| 18:09 | Build | Farm |
| 18:45 | Build | Farm |
| 18:48 | Build | Farm |
| 19:06 | Build | Farm |
| 20:04 | Build | Farm |
| 20:06 | Build | Farm |
| 20:08 | Build | Farm |
| 20:27 | Build | Farm |
| 20:35 | Build | Farm |
| 21:46 | Research | Castle Age |
| 24:17 | Build | Market |
| 24:26 | Age | Castle Age |
| 24:52 | Create | Villager (Male) |
| 24:52 | Create | Villager (Male) |
| 24:52 | Create | Villager (Male) |
| 24:59 | Research | Loom |
| 25:01 | Create | Villager (Male) |
| 25:01 | Create | Villager (Male) |
| 25:02 | Create | Villager (Male) |
| 25:02 | Create | Villager (Male) |
| 26:45 | Build | Castle |
| 27:02 | Build | Palisade Wall |
| 28:09 | Create | Janissary |
| 28:10 | Create | Janissary |
| 28:10 | Create | Janissary |
| 29:17 | Build | Castle |
| 29:34 | Build | Blacksmith |
| 30:06 | Create | Scout Cavalry ×5 |
| 30:14 | Create | Janissary |
| 30:14 | Create | Janissary |
| 30:23 | Build | Siege Workshop |
| 30:39 | Research | Hand Cart |
| 30:40 | Create | Villager (Male) |
| 30:40 | Create | Villager (Male) |
| 30:40 | Create | Villager (Male) |
| 30:54 | Research | Bow Saw |
| 30:56 | Research | Heavy Plow |
| 31:14 | Build | Mining Camp |
| 31:56 | Research | Gold Mining |
| 31:57 | Research | Stone Mining |
| 32:13 | Research | Padded Archer Armor |
| 33:23 | Build | Monastery |
| 33:32 | Research | Gold Shaft Mining |
| 33:38 | Create | Villager (Male) |
| 33:38 | Create | Villager (Male) |
| 33:39 | Create | Villager (Male) |
| 34:03 | Build | Castle |
| 34:08 | Create | Trade Cart |
| 34:08 | Create | Trade Cart |
| 34:49 | Create | Monk |
| 36:03 | Build | University |
| 36:51 | Build | University |
| 37:12 | Create | Cavalry Archer |
| 37:17 | Create | Skirmisher |
| 37:17 | Create | Skirmisher |
| 37:51 | Build | Castle |
| 38:07 | Build | Farm |
| 38:09 | Research | Caravan |
| 38:10 | Create | Trade Cart |
| 38:17 | Research | Imperial Age |
| 38:30 | Build | Farm |
| 38:51 | Build | Stone Wall |
| 38:56 | Build | Stone Wall |
| 39:01 | Build | Stone Wall |
| 39:05 | Build | Stone Wall |
| 39:10 | Build | Stone Wall |
| 39:14 | Build | Building 665 |
| 39:17 | Build | Building 487 |
| 39:19 | Build | Building 665 |
| 39:23 | Build | Building 673 |
| 40:07 | Build | Town Center |
| 40:23 | Research | Murder Holes |
| 40:24 | Research | Fortified Wall (upgrade) |
| 40:25 | Research | Ballistics |
| 40:28 | Research | Masonry |
| 40:30 | Research | Treadmill Crane |
| 41:21 | Build | Town Center |
| 41:27 | Age | Imperial Age |
| 42:24 | Build | Siege Workshop |
| 43:39 | Create | Bombard Cannon |
| 44:07 | Build | Siege Workshop |
| 44:59 | Build | Mining Camp |
| 45:06 | Research | Elite Janissary (upgrade) |
| 45:07 | Research | Conscription |
| 45:12 | Create | Janissary ×5 |
| 45:12 | Create | Janissary ×5 |
| 45:21 | Build | Siege Workshop |
| 45:44 | Build | Stone Wall |
| 46:03 | Build | Farm |
| 48:36 | Build | Town Center |
Build order — bjoern4tel
First 150 of 320 actions detected
| 1:28 | Build | Town Center |
| 3:52 | Create | Villager (Male) |
| 3:52 | Create | Villager (Male) |
| 3:52 | Create | Villager (Male) |
| 3:52 | Create | Villager (Male) |
| 4:01 | Build | House |
| 5:19 | Build | House |
| 5:34 | Create | Villager (Male) |
| 6:16 | Create | Villager (Male) |
| 6:16 | Create | Villager (Male) |
| 6:23 | Build | Lumber Camp |
| 6:47 | Create | Villager (Male) |
| 7:13 | Create | Villager (Male) |
| 7:13 | Create | Villager (Male) |
| 7:57 | Create | Villager (Male) |
| 8:13 | Build | House |
| 8:27 | Build | House |
| 8:40 | Research | Loom |
| 8:56 | Build | Palisade Wall |
| 9:33 | Create | Villager (Male) |
| 9:34 | Create | Villager (Male) |
| 9:34 | Create | Villager (Male) |
| 9:46 | Build | House |
| 10:46 | Build | House |
| 10:59 | Create | Villager (Male) |
| 10:59 | Create | Villager (Male) |
| 11:37 | Create | Villager (Male) |
| 12:12 | Create | Villager (Male) |
| 12:17 | Build | Barracks |
| 12:28 | Create | Villager (Male) |
| 12:44 | Build | House |
| 12:48 | Create | Villager (Male) |
| 13:01 | Create | Villager (Male) |
| 13:27 | Build | Mill |
| 13:54 | Create | Villager (Male) |
| 13:58 | Build | Farm |
| 13:58 | Build | Farm |
| 13:59 | Build | Farm |
| 14:03 | Build | Farm |
| 14:05 | Build | Farm |
| 14:21 | Create | Villager (Male) |
| 14:33 | Create | Villager (Male) |
| 14:38 | Build | Farm |
| 14:52 | Build | House |
| 15:05 | Build | Farm |
| 15:21 | Build | Farm |
| 15:45 | Build | Farm |
| 16:09 | Research | Feudal Age |
| 16:14 | Build | Farm |
| 16:22 | Build | Farm |
| 16:36 | Create | Militia |
| 16:46 | Build | Farm |
| 16:50 | Build | Farm |
| 16:57 | Build | Farm |
| 17:04 | Create | Militia |
| 17:27 | Build | Barracks |
| 17:58 | Build | Mining Camp |
| 18:01 | Create | Villager (Male) |
| 18:02 | Create | Villager (Male) |
| 18:19 | Age | Feudal Age |
| 18:32 | Build | Farm |
| 18:50 | Create | Villager (Male) |
| 18:50 | Create | Villager (Male) |
| 19:21 | Build | Blacksmith |
| 19:25 | Create | Villager (Male) |
| 19:26 | Create | Villager (Male) |
| 19:35 | Create | Militia |
| 19:35 | Create | Militia |
| 19:35 | Create | Militia |
| 19:59 | Create | Militia |
| 20:00 | Create | Militia |
| 20:00 | Create | Militia |
| 20:19 | Research | Scale Mail Armor |
| 20:30 | Build | House |
| 20:44 | Build | House |
| 20:48 | Build | House |
| 21:11 | Create | Militia |
| 21:12 | Create | Militia |
| 21:27 | Create | Villager (Male) |
| 21:27 | Create | Villager (Male) |
| 21:37 | Build | House |
| 21:38 | Build | House |
| 21:46 | Create | Villager (Male) |
| 21:46 | Create | Villager (Male) |
| 21:53 | Build | Farm |
| 21:53 | Build | Farm |
| 21:58 | Create | Villager (Male) |
| 22:02 | Build | House |
| 22:04 | Build | House |
| 23:11 | Create | Villager (Male) |
| 23:12 | Create | Villager (Male) |
| 23:12 | Create | Villager (Male) |
| 23:12 | Create | Villager (Male) |
| 23:12 | Create | Villager (Male) |
| 23:31 | Build | Watch Tower |
| 24:12 | Build | Farm |
| 24:15 | Create | Spearman |
| 24:15 | Create | Spearman |
| 24:15 | Create | Spearman |
| 24:16 | Create | Spearman |
| 24:16 | Create | Spearman |
| 24:31 | Build | Farm |
| 24:37 | Create | Villager (Male) |
| 24:37 | Create | Villager (Male) |
| 24:37 | Create | Villager (Male) |
| 24:45 | Create | Villager (Male) |
| 24:46 | Create | Villager (Male) |
| 24:46 | Create | Villager (Male) |
| 25:22 | Build | House |
| 25:23 | Build | House |
| 25:25 | Build | House |
| 25:26 | Build | House |
| 26:38 | Create | Villager (Male) |
| 26:38 | Create | Villager (Male) |
| 28:03 | Build | Farm |
| 28:29 | Create | Villager (Male) |
| 28:29 | Create | Villager (Male) |
| 28:30 | Create | Villager (Male) |
| 28:35 | Build | Lumber Camp |
| 28:56 | Create | Villager (Male) |
| 28:57 | Create | Villager (Male) |
| 28:57 | Create | Villager (Male) |
| 28:57 | Create | Villager (Male) |
| 30:20 | Build | Lumber Camp |
| 30:50 | Create | Villager (Male) |
| 31:19 | Build | Mill |
| 32:47 | Build | Town Center |
| 33:26 | Create | Militia |
| 33:26 | Create | Militia |
| 33:27 | Create | Militia |
| 33:28 | Create | Militia |
| 33:28 | Create | Militia |
| 33:38 | Create | Villager (Male) |
| 33:39 | Create | Villager (Male) |
| 33:39 | Create | Villager (Male) |
| 33:39 | Create | Villager (Male) |
| 33:39 | Create | Villager (Male) |
| 34:24 | Create | Villager (Male) |
| 34:29 | Build | House |
| 34:30 | Build | House |
| 34:32 | Build | House |
| 34:36 | Build | House |
| 34:37 | Build | House |
| 34:38 | Build | House |
| 34:40 | Build | House |
| 34:43 | Create | Villager (Male) |
| 34:52 | Build | Dock |
| 35:11 | Create | Villager (Male) |
| 35:24 | Create | Villager (Male) |
| 36:09 | Create | Villager (Male) |
Match timeline
| 8:56 | bjoern4tel · wall_segment Palisade Wall x4 |
| 9:06 | Red Leader · first_building Dock |
| 12:17 | bjoern4tel · first_building Barracks |
| 12:43 | steve · first_building Barracks |
| 14:18 | XII. Ahmet · first_building Barracks |
| 15:05 | Red Leader · first_building Barracks |
| 16:00 | steve · age_up feudal |
| 16:06 | XII. Ahmet · age_up feudal |
| 16:08 | steve · first_building Archery Range |
| 16:11 | Red Leader · age_up feudal |
| 16:17 | XII. Ahmet · first_building Stable |
| 16:20 | XII. Ahmet · first_building Archery Range |
| 16:43 | JustMeow · first_building Barracks |
| 16:47 | Red Leader · wall_segment Palisade Wall x6 |
| 16:49 | Red Leader · wall_segment Palisade Wall x1 |
| 16:50 | Red Leader · wall_segment Palisade Wall x1 |
| 16:57 | Big_Joe · age_up feudal |
| 17:53 | Red Leader · first_building Archery Range |
| 18:13 | Big_Joe · first_building Barracks |
| 18:19 | bjoern4tel · age_up feudal |
| 19:12 | Big_Joe · first_building Stable |
| 19:37 | Big_Joe · first_building Dock |
| 22:00 | JustMeow · age_up feudal |
| 22:13 | JustMeow · first_building Stable |
| 23:52 | Red Leader · age_up castle |
| 24:26 | XII. Ahmet · age_up castle |
| 24:39 | JustMeow · first_market_buy 100 food |
| 26:45 | XII. Ahmet · first_building Castle |
| 27:02 | XII. Ahmet · wall_segment Palisade Wall x6 |
| 27:29 | steve · first_building Dock |
| 27:59 | JustMeow · age_up castle |
| 28:30 | Big_Joe · age_up castle |
| 28:32 | Red Leader · first_market_buy 100 food |
| 28:51 | XII. Ahmet · first_market_sell 100 food |
| 28:52 | XII. Ahmet · first_market_buy 100 stone |
| 29:02 | Red Leader · wall_segment Stone Wall x1 |
| 29:25 | Red Leader · first_building Monastery |
| 30:12 | steve · wall_segment Stone Wall x16 |
| 30:22 | Big_Joe · wall_segment Palisade Wall x7 |
| 30:23 | XII. Ahmet · first_building Siege Workshop |
| 31:10 | Red Leader · wall_segment Stone Wall x5 |
| 32:25 | Red Leader · tribute_sent a jugador 1 |
| 32:25 | Red Leader · tribute_sent a jugador 3 |
| 32:25 | Red Leader · tribute_sent a jugador 4 |
| 32:25 | Red Leader · tribute_sent a jugador 5 |
| 32:25 | Red Leader · tribute_sent a jugador 6 |
| 33:16 | steve · first_building Stable |
| 33:23 | XII. Ahmet · first_building Monastery |
| 34:52 | bjoern4tel · first_building Dock |
| 35:05 | Big_Joe · first_building Castle |
| 35:12 | JustMeow · first_building Castle |
| 35:14 | Red Leader · first_market_sell 100 wood |
| 37:34 | Red Leader · wall_segment Stone Wall x2 |
| 37:35 | Red Leader · wall_segment Stone Wall x1 |
| 37:48 | JustMeow · first_building Monastery |
| 38:09 | steve · age_up castle |
| 38:11 | Red Leader · first_building Castle |
| 38:51 | XII. Ahmet · wall_segment Stone Wall x14 |
| 38:52 | steve · first_building Siege Workshop |
| 38:56 | XII. Ahmet · wall_segment Stone Wall x15 |
| 39:01 | XII. Ahmet · wall_segment Stone Wall x20 |
| 39:05 | XII. Ahmet · wall_segment Stone Wall x14 |
| 39:10 | XII. Ahmet · wall_segment Stone Wall x20 |
| 39:19 | Big_Joe · first_building Siege Workshop |
| 39:32 | Red Leader · age_up imperial |
| 39:51 | steve · first_building Castle |
| 41:02 | Big_Joe · age_up imperial |
| 41:27 | XII. Ahmet · age_up imperial |
| 45:35 | steve · first_market_sell 100 wood |
| 45:37 | steve · first_market_buy 100 food |
| 45:44 | XII. Ahmet · wall_segment Stone Wall x3 |
| 46:42 | bjoern4tel · age_up castle |
| 48:26 | Big_Joe · first_building Monastery |
| 48:34 | bjoern4tel · first_building Monastery |
| 49:30 | steve · age_up imperial |
| 50:09 | bjoern4tel · first_building Stable |
| 51:19 | JustMeow · resign |
| 53:18 | bjoern4tel · first_building Castle |
| 56:42 | bjoern4tel · age_up imperial |
| 57:59 | Red Leader · first_building Stable |
| 62:11 | bjoern4tel · first_market_sell 500 wood |
[ AI ANALYSIS · 1 CREDIT ]
What really happened in this match?
Wolo.gg analyzes every decision: build order, eco, micro, common mistakes by bracket. Personalized analysis on WhatsApp or Discord in 30 seconds.
Civ guide
Dravidians
Map guide
Nomad
Perfil
Red Leader